 Dungeon Crawl Stone Soup version 0.24.0-7-gb3623d2c88 (webtiles) character file.

Game seed: 11224698277085055434, levelgen mode: deterministic

1101 Gildeon the Archer (level 8, -4/61 HPs)
             Began as a Centaur Hunter on Nov 2, 2019.
             Slain by Sigmund
             ... wielding a +0 scythe
              (9 damage)
             ... on level 5 of the Dungeon.
             The game lasted 00:18:46 (4725 turns).

Gildeon the Archer (Centaur Hunter)                 Turns: 4725, Time: 00:18:48

Health: -4/61      AC: 11    Str: 16    XL:     8   Next: 10%
Magic:  8/8        EV:  7    Int: 10    God:
Gold:   236        SH:  0    Dex: 11    Spells: 7/7 levels left

rFire    . . .     SeeInvis .   v - +4 quarterstaff (chaos)
rCold    . . .     Gourm    .   (shield currently unavailable)
rNeg     . . .     Faith    .   z - +0 scale mail
rPois    .         Spirit   .   t - +1 helmet
rElec    .         Reflect  .   A - +2 cloak
rCorr    .         Harm     .   (no gloves)
MR       .....                  (no barding)
Stlth    ..........             (no amulet)
HPRegen  0.20/turn              (no ring)
MPRegen  0.11/turn              (no ring)

@: very quick
A: large, hooves 3, deformed body, speed 2, tough skin 3
a: no special abilities


You were on level 5 of the Dungeon.
You were hungry.

You visited 1 branch of the dungeon, and saw 5 of its levels.

You collected 236 gold pieces.

Inventory:

Hand Weapons
 a - a +2 shortbow
 v - a +4 quarterstaff of chaos (weapon)
 w - a +0 trident
Missiles
 d - 7 arrows
Armour
 c - a +0 leather armour
 h - a +0 ring mail
 i - a cursed +0 robe
 n - a cursed +0 leather armour
 t - a +1 helmet (worn)
 z - a +0 scale mail (worn)
 A - a +2 cloak (worn)
Scrolls
 e - a scroll of enchant armour
 k - 3 scrolls of teleportation
Potions
 g - a potion of mutation {unknown}
 j - a potion of magic
 l - 2 potions of resistance
 m - 2 potions of curing
 o - a potion of heal wounds {unknown}
 p - a potion of lignification {unknown}
 r - a potion of brilliance {unknown}
 x - a potion of berserk rage {unknown}
Comestibles
 b - 10 chunks of flesh
 f - 13 rations


   Skills:
 - Level 2.0 Fighting
 * Level 13.0 Bows
 - Level 1.3 Dodging
 - Level 0.4 Stealth


You had 7 spell levels left.
You didn't know any spells.
Your spell library was empty.

Dungeon Overview and Level Annotations

Branches:
Dungeon (5/15)
 Temple: D:4-7

Altars:
Vehumet

Annotations:
D:5 Sigmund


Innate Abilities, Weirdness & Mutations

You have hooves in place of feet.
Armour fits poorly on your strangely shaped body.
You cover ground very quickly.
You have extremely tough skin. (AC +3)


Message History

* * * LOW HITPOINT WARNING * * *
The orc wizard barely misses you. Something hits you but does no damage.
You barely miss the orc wizard.
The orc wizard hits you but does no damage.
The orc wizard hits you with a +0 dagger.
* * * LOW HITPOINT WARNING * * *
Something hits you but does no damage.
You completely miss the orc wizard. Your kick misses the orc wizard.
The orc wizard casts a spell at you. The magic dart hits you.
* * * LOW HITPOINT WARNING * * *
The orc wizard hits you but does no damage.
Something hits you but does no damage.
You hit the orc wizard.
The orc wizard is heavily wounded.
The orc wizard hits you but does no damage.
The orc wizard hits you with a +0 dagger.
* * * LOW HITPOINT WARNING * * *
Something hits you!
You die...

######....o.#.##...
##..###.#..<...
####...# #...##...
#....#.# ##.o.....
#.####.####.......
#.# #.#..........
#.# #.#.##.......
#.# #.#.##....#..
##@####)...........
#..o{............#.
#..#####....######.
#### #....# *,,
###### *,, *****
******,, *,,,*
**,,,,,,,
*,,,********,,,,,,,,
*,,,*,,,,,,,,,****,*


You could see an orc wizard.

Vanquished Creatures
  An ogre (D:3)
  3 scorpions
  A crimson imp (D:5)
  2 hounds
  9 orc priests
  5 orc wizards (D:4)
  A centaur skeleton (D:4)
  Crazy Yiuf (D:4)
  An iguana (D:3)
  2 worker ants (D:4)
  A howler monkey zombie (D:3)
  Robin (D:4)
  A gnoll (D:1)
  7 adders
  An ooze (D:2)
  6 worms
  3 dart slugs
  3 leopard geckos
  18 orcs
  4 giant cockroaches
  10 hobgoblins
  9 jackals
  10 kobolds
  2 quokkas
  7 bats
  7 frilled lizards
  19 goblins
  A leopard gecko skeleton (D:4)
  10 rats
146 creatures vanquished.

Notes
Turn   | Place    | Note
-------+----------+-------------------------------------------
     0 | D:1      | Gildeon the Centaur Hunter began the quest for the Orb.
     0 | D:1      | Reached XP level 1. HP: 17/17 MP: 1/1
    97 | D:1      | Reached skill level 6 in Bows
    97 | D:1      | Reached XP level 2. HP: 16/24 MP: 2/2
   871 | D:1      | Reached XP level 3. HP: 25/29 MP: 3/3
  1137 | D:2      | Found a radiant altar of Vehumet.
  1164 | D:2      | Reached skill level 7 in Bows
  1533 | D:2      | Reached XP level 4. HP: 34/36 MP: 4/4
  2050 | D:3      | Reached skill level 8 in Bows
  2220 | D:3      | Noticed an ogre
  2225 | D:3      | Killed an ogre
  2225 | D:3      | Reached skill level 9 in Bows
  2225 | D:3      | Reached XP level 5. HP: 41/41 MP: 5/5
  2708 | D:3      | HP: 2/41 [hound (5)]
  2709 | D:3      | Reached XP level 6. HP: 2/48 MP: 6/6
  3114 | D:4      | Reached skill level 10 in Bows
  3215 | D:4      | Noticed Robin
  3248 | D:4      | Killed Robin
  3371 | D:4      | Found a runed translucent door.
  3372 | D:4      | Noticed Crazy Yiuf
  3392 | D:4      | Killed Crazy Yiuf
  3495 | D:4      | Reached skill level 11 in Bows
  3495 | D:4      | Reached XP level 7. HP: 50/55 MP: 7/7
  4196 | D:4      | Reached skill level 12 in Bows
  4500 | D:5      | Entered Level 5 of the Dungeon
  4606 | D:5      | Reached XP level 8. HP: 61/61 MP: 8/8
  4631 | D:5      | Noticed Sigmund
  4684 | D:5      | Reached skill level 13 in Bows
  4725 | D:5      | Slain by Sigmund

Levels and vault maps discovered:
D:1:      psy_arrival_radial02, layout_basic, minmay_pentomino_o2
D:2:      layout_loops_ring, nicolae_overflow_crystal_walls, first_ration,
          minmay_tall_x
D:3:      layout_rooms, chequers_mini_garden, minmay_misc_feat_secret_circle
D:4:      minmay_opposing_rooms, layout_basic, uniq_crazy_yiuf_cottage,
          uniq_robin
D:5:      layout_rooms, minitemple, basic_altar, uniq_sigmund

Skill      XL: |  1  2  3  4  5  6  7  8 |
---------------+-------------------------+-----
Bows           | 6 7 9 11 12 13 | 13.0
Fighting       | |  2.0
Dodging        | |  1.3
Stealth        | |  0.4

Action                   |  1- 3 |  4- 6 |  7- 9 || total
-------------------------+-------+-------+-------++-------
Melee: Spear             |     4 |       |       ||     4
       Quarterstaff      |       |       |    43 ||    43
       Kick              |       |       |    15 ||    15
 Fire: Shortbow          |    98 |   196 |    98 ||   392
  Use: Scroll            |       |     5 |     5 ||    10
       Potion            |       |       |     2 ||     2
  Eat: Chunk             |     1 |     4 |     3 ||     8
Armor: Leather armour    |     6 |       |       ||     6
       Ring mail         |    22 |    44 |       ||    66
       Scale mail        |       |       |    38 ||    38
Dodge: Dodged            |    25 |    48 |    16 ||    89
